AoeStats
← [CL] Al3jandr0.magn00

Enclosed

505980862Analyzed
1v1 RM · 20d ago on Sep 11, 2026· 44m 24s· 2 players
Game mode
Random Map
Map size
Tiny (2 player)
Population
200
Speed
Normal
Resources
Standard
Victory
Conquest
Starting age
Dark Age
Ending age
Imperial Age
RankedLock teamsTeams togetherTeam positionsShared explorationLock speedFull tech treeHidden civsTurbo modeCheats
Victory
Defeat
🇦🇷 Italians · Argentina
1923
+10
🇺🇸 Persians · United States
1788
-10
con_man1132
6:55 Loom
7:04 Loom
9:22 Feudal Age
9:42 Man-at-Arms
10:20 Double-Bit Axe
11:45 Arson
12:56 Horse Collar
14:04 Fletching
16:18 Scale Mail Armor
22:35 Padded Archer Armor
25:45 Castle Age
24:32 Gold Mining
26:14 Wheelbarrow
25:42 Padded Archer Armor
25:43 Crossbowman
26:20 Bodkin Arrow
26:55 Bow Saw
26:47 Long Swordsman
27:13 Gambesons
30:18 Scale Barding Armor
30:51 Hand Cart
31:00 Forging
32:23 Bloodlines
35:19 Ballistics
36:08 Chain Barding Armor
42:06 Imperial Age
40:48 Husbandry
42:54 Iron Casting
42:06 Cavalier
44:18 Plate Barding Armor
[CL] Al3jandr0.magn00
6:04 Loom
8:06 Feudal Age
6:22 Loom
8:34 Double-Bit Axe
8:30 Horse Collar
16:38 Fletching
17:21 Fletching
21:54 Castle Age
22:22 Crossbowman
23:18 Bow Saw
22:58 Gold Mining
23:33 Bodkin Arrow
24:38 Padded Archer Armor
25:40 Ballistics
25:08 Town Watch
26:15 Wheelbarrow
31:03 Hand Cart
36:44 Imperial Age
35:20 Leather Archer Armor
37:53 Bracer
37:14 Arbalester
39:35 Chemistry
41:15 Onager
45:11 Ring Archer Armor
Connection lost

Rejoining the realm…

Still unreachable

The connection could not be restored.

Session expired

The server has moved on; the page needs a fresh start.